 Dungeon Crawl Stone Soup version 0.29-a0-1043-g569b05d6ff (webtiles) character file.

Game seed: 2206108938149062033

76 greasedhog the Shooter (level 4, 0/29 HPs)
             Began as a Gargoyle Hunter on Aug 15, 2022.
             Slain by Sigmund
             ... wielding a +0 scythe
              (11 damage)
             ... on level 2 of the Dungeon.
             The game lasted 00:01:38 (1734 turns).

greasedhog the Shooter (Gargoyle Hunter)            Turns: 1734, Time: 00:01:38

Health: 0/29       AC:  0    Str: 14    XL:     4   Next: 32%
Magic:  4/4        EV: 19    Int: 10    God:
Gold:   27         SH:  0    Dex: 20    Spells: 3/3 levels left

rFire   . . .      SeeInvis .   (weapon currently unavailable)
rCold   . . .      Faith    .   (shield currently unavailable)
rNeg    + . .      Spirit   .   (body armour currently unavailable)
rPois   ∞          Reflect  .   (helmet currently unavailable)
rElec   .          Harm     .   (cloak currently unavailable)
rCorr   .          Rampage  .   (gloves currently unavailable)
Will    .....                   (boots currently unavailable)
Stlth   ++........              (no amulet)
HPRegen 0.09/turn               (ring currently unavailable)
MPRegen 0.09/turn               (ring currently unavailable)

@: bat-form, flying, very quick
A: fast, flying, no casting, sickness immunity, AC +3, tiny, negative energy
resistance 1, (electricity resistance), torment resistance 1, petrification
resistance
a: no special abilities


You were on level 2 of the Dungeon.
You were a bat.
You visited 1 branch of the dungeon, and saw 2 of its levels.

You collected 27 gold pieces.

Inventory:

Hand Weapons
 a - a +1 shortbow
 d - a +2 vorpal sling (melded)
Armour
 c - a +0 leather armour (melded)
Scrolls
 b - a scroll of immolation
 h - 2 scrolls of enchant weapon
Potions
 f - 2 potions of heal wounds {unknown}
 g - 3 potions of curing {unknown}


   Skills:
 * Level 3.7 Fighting
 * Level 4.9 Ranged Weapons
 - Level 1.5 Dodging
 - Level 1.1 Stealth


You had 3 spell levels left.
You didn't know any spells.
Your spell library was empty.

Dungeon Overview and Level Annotations

Branches:
Dungeon (2/15)

Altars:

Annotations:
D:2 Sigmund


Innate Abilities, Weirdness & Mutations

You are a bat.
You are tiny and dextrous.
You move quickly.
You are flying.
Your equipment is almost entirely melded.
You are incapable of wielding weapons or throwing items.
You cannot cast spells.
You are immune to sickness and miasma.
((Your stone body is resilient. (AC +3)))
You are immune to poison.
You resist negative energy. (rN+)
((You are resistant to electric shocks. (rElec)))
You are resistant to unholy torment.
You are immune to petrification.


Message History

No target in view!
Fire: d) +2 sling (vorpal)
Press: ? - help, Q - select action Shift-Dir - straight line You shoot a sling bullet.
Something hits you.
Unknown command.
Fire: d) +2 sling (vorpal)
Press: ? - help, Q - select action Shift-Dir - straight line, f - you Really target yourself?
Okay, then.
Fire: d) +2 sling (vorpal)
Press: ? - help, Q - select action Shift-Dir - straight line You shoot a sling bullet.
Unknown command.
Fire: d) +2 sling (vorpal)
Press: ? - help, Q - select action Shift-Dir - straight line You shoot a sling bullet.
Something hits you but does no damage.
Unknown command.
Fire: d) +2 sling (vorpal)
Press: ? - help, Q - select action Shift-Dir - straight line You shoot a sling bullet.
You hear a zap.
You turn into a bat.
Your +2 vorpal sling melds into your body.
Your +0 leather armour melds into your body.
You are confused.
You bump into the rock wall.
You bump into the rock wall.
You bump into the rock wall.
You hear some strange, mumbled words.
A puff of flame appears from out of thin air!
The puff of flame misses you. Something closely misses you.
You closely miss something. You hit something but do no damage.
Something hits you!
You hit something but do no damage.
You feel less confused. Something hits you!
You die...

,****** ,* ,* #####
#...## #######
.###.#######.....# ##
##........###.# #
#..####### #.# ## ##.##
#b# )###.### #.# #......#
#{# ***** ######.#####
#.#***,,,*
#.......#*#*#....!...*
#.#†##.....#####.....*
###.#.##.....#****,...#**
#......<.....#*,,,,,...,*
#.#.##.#.....#*,,,,,,..,*


There were no monsters in sight!

Vanquished Creatures
  3 adders (D:2)
  A dart slug (D:1)
  5 endoplasms
  2 giant cockroaches (D:1)
  7 hobgoblins
  2 jackals (D:2)
  3 quokkas
  4 bats
  4 goblins
  8 kobolds
  3 rats (D:1)
42 creatures vanquished.

Notes
Turn   | Place    | Note
-------+----------+-------------------------------------------
     0 | D:1      | greasedhog the Gargoyle Hunter began the quest for the Orb.
     0 | D:1      | Reached XP level 1. HP: 12/12 MP: 1/1
    86 | D:1      | Reached XP level 2. HP: 6/18 MP: 2/2
   865 | D:1      | Reached XP level 3. HP: 23/23 MP: 3/3
  1597 | D:2      | Reached XP level 4. HP: 25/28 MP: 4/4
  1716 | D:2      | Noticed Sigmund
  1734 | D:2      | Slain by Sigmund

Illustrated notes

Levels and vault maps discovered:
D:1:      dpeg_cavernosity, layout_basic, serial_rivers,
          chequers_serial_rivers_small_3, chequers_serial_rivers_micro_a,
          chequers_serial_rivers_small_b, chequers_serial_rivers_marsh,
          chequers_serial_rivers_micro_b
D:2:      layout_loops_cross, uniq_sigmund

Skill      XL: |  1  2 |
---------------+-------+-----
Fighting       | 3 |  3.7
Ranged Weapons | |  4.9
Dodging        | |  1.5
Stealth        | |  1.1

Action                   |  1- 3 |  4- 6 || total
-------------------------+-------+-------++-------
Melee: Unarmed           |       |     3 ||     3
 Fire: Shortbow          |   113 |     9 ||   122
       Sling             |       |     7 ||     7
  Use: Scroll            |     3 |       ||     3
Armor: Leather armour    |    29 |     3 ||    32
Dodge: Dodged            |    35 |     5 ||    40

Table legend: (Time is in decaauts)
 A = Elapsed time spent in this place.
 B = Non-inter-level travel time spent in this place.
 C = Inter-level travel time spent in this place.
 D = Time resting spent in this place.
 E = Time spent auto-exploring this place.
 F = Levels seen in this place.
 G = Mean time per level.
                   A        B        C        D        E       F      G
               +--------+--------+--------+--------+--------+-----+--------+
         Total |   1779 |   1745 |     34 |    193 |   1312 |   2 |  889.5 |
       Dungeon |   1779 |   1745 |     34 |    193 |   1312 |   2 |  889.5 |
               +--------+--------+--------+--------+--------+-----+--------+

Top non-repeatable levels by time:
     D:1: 1481 daAuts
     D:2: 298 daAuts
